 Dungeon Crawl Stone Soup version 0.26-a0-854-gdc81c2f471 (webtiles) character file.

Game seed: 637729481267248578

67 pablito the Grave Robber (level 4, 32/32 HPs)
             Began as a Mummy Necromancer on Nov 23, 2020.
             Quit the game on level 2 of the Dungeon on Nov 24, 2020.
             The game lasted 00:09:58 (2094 turns).

pablito the Grave Robber (Mummy Necromancer)        Turns: 2094, Time: 00:09:59

Health: 32/32      AC:  6    Str: 11    XL:     4   Next: 0%
Magic:  9/9        EV: 12    Int: 15    God:
Gold:   135        SH:  0    Dex: 12    Spells: 8/10 levels left

rFire    . . .     SeeInvis .   i - +0 spear
rCold    + . .     Faith    .   (no shield)
rNeg     + + +     Spirit   .   a - +0 robe
rPois    ∞         Reflect  .   (no helmet)
rElec    .         Harm     .   (no cloak)
rCorr    .         Rampage  .   (no gloves)
MR       .....                  (no boots)
Stlth    ++........             (no amulet)
HPRegen  0.10/turn              d - ring of protection from fire
MPRegen  0.11/turn              g - +4 ring of protection

@: no status effects
A: no potions, fire vulnerability, cold resistance 1, negative energy resistance
3, torment resistance, unbreathing
a: no special abilities


You were on level 2 of the Dungeon.
You visited 1 branch of the dungeon, and saw 2 of its levels.

You collected 135 gold pieces.

Inventory:

Hand Weapons
 i - a +0 spear (weapon)
Missiles
 f - 19 poisoned darts (quivered)
Armour
 a - a +0 robe (worn)
Jewellery
 d - a ring of protection from fire (left hand)
 g - a +4 ring of protection (right hand)
Scrolls
 b - 2 scrolls of remove curse {unknown}
 c - 4 scrolls of immolation {unknown}
 e - 2 scrolls of identify {unknown}
 h - 2 scrolls of teleportation {unknown}


   Skills:
 + Level 1.2 Fighting
 - Level 1.9 Dodging
 - Level 2.0 Stealth
 + Level 3.6 Spellcasting
 + Level 4.5 Necromancy


You had 8 spell levels left.
You knew the following spells:

 Your Spells              Type           Power        Failure   Level
a - Pain                  Necr           ###.         3%          1
b - Animate Skeleton      Necr           ###...       3%          1

Your spell library contained the following spells:

 Spells                   Type           Power        Failure   Level
 Vampiric Draining        Necr           ###.......   9%          3
 Animate Dead             Necr           ###.......   28%         4
 Agony                    Necr           ###.....     63%         5


Dungeon Overview and Level Annotations

Branches:
Dungeon (2/15)

Altars:


Innate Abilities, Weirdness & Mutations

You do not drink.
Your flesh is vulnerable to fire.
You are immune to poison.
Your flesh is cold resistant. (rC+)
You are immune to negative energy. (rN+++)
You are immune to unholy pain and torment.
You can survive without breathing.


Message History

Found a kite shield.
You see here a kite shield.
You see here a +0 club.
There is a stone staircase leading up here.
You see here a short sword.
You see here 23 stones.
A rat comes into view.
You reach to attack!
You hit the rat but do no damage. You barely miss the rat.
The rat closely misses you.
You closely miss the rat. The rat bites you but does no damage.
You hit the rat.
The rat is moderately wounded.
The rat barely misses you.
You hit the rat.
You kill the rat!
You have reached level 4!
You see here a shortbow.
c - 4 scrolls labelled TERPHA QOG ZILL (gained 3) Done exploring.
Are you sure you want to abandon this character and quit the game? (Confirm with "yes".)

##### ##...## ##.###.##
#.#####.############
#.##................
#.##.##.###########.
##.#.#.## #.
##@..#############.
##.##<..........#.
#.##..###.####.##
#.##..# #.# #.##
#.##..# #.# #... ##
############.##..#
#.####..# .###
#................#
#........
...###.##########.###.#
######..#
....##.##########.###.#
#..#


There were no monsters in sight!

Vanquished Creatures
  3 adders (D:2)
  A worm (D:2)
  2 dart slugs (D:2)
  A leopard gecko (D:1)
  2 bats
  2 giant cockroaches
  5 goblins
  3 hobgoblins
  A kobold (D:1)
  3 quokkas (D:2)
  A ball python (D:1)
  A frilled lizard (D:1)
  8 rats
33 creatures vanquished.

Notes
Turn   | Place    | Note
-------+----------+-------------------------------------------
     0 | D:1      | pablito the Mummy Necromancer began the quest for the Orb.
     0 | D:1      | Reached XP level 1. HP: 13/13 MP: 4/4
   303 | D:1      | Reached XP level 2. HP: 17/19 MP: 2/5
   486 | D:1      | Learned a level 1 spell: Animate Skeleton
  1208 | D:2      | Reached XP level 3. HP: 24/24 MP: 5/7
  1571 | D:2      | Reached skill level 1 in Fighting
  1946 | D:2      | Reached XP level 4. HP: 32/32 MP: 9/9
  2094 | D:2      | Quit the game

Illustrated notes

Levels and vault maps discovered:
D:1:      dpeg_arrival_simpleton_c, layout_rooms
D:2:      layout_loops_ring

Skill      XL: |  1  2  3 |
---------------+----------+-----
Spellcasting   | 3 |  3.6
Stealth        | 2 |  2.0
Fighting       | 1 |  1.2
Dodging        | |  1.9
Necromancy     | |  4.5

Action                   |  1- 3 |  4- 6 || total
-------------------------+-------+-------++-------
Melee: Unarmed           |    14 |       ||    14
       Spear             |    50 |       ||    50
Throw: Dart              |    37 |       ||    37
 Cast: Pain              |    47 |       ||    47
       Animate Skeleton  |     3 |       ||     3
 Stab: Sleeping          |     2 |       ||     2
Armor: Robe              |    19 |       ||    19
Dodge: Dodged            |    65 |       ||    65

Table legend: (Time is in decaauts)
 A = Elapsed time spent in this place.
 B = Non-inter-level travel time spent in this place.
 C = Inter-level travel time spent in this place.
 D = Time resting spent in this place.
 E = Time spent auto-exploring this place.
 F = Levels seen in this place.
 G = Mean time per level.
                   A        B        C        D        E       F      G
               +--------+--------+--------+--------+--------+-----+--------+
         Total |   2097 |   2036 |     61 |      0 |   1714 |   2 | 1048.5 |
       Dungeon |   2097 |   2036 |     61 |      0 |   1714 |   2 | 1048.5 |
               +--------+--------+--------+--------+--------+-----+--------+

Top non-repeatable levels by time:
     D:2: 1283 daAuts
     D:1: 814 daAuts
